 Dungeon Crawl Stone Soup version 0.26-a0-638-gcca6ad1b57 (webtiles) character file.

Game seed: 8637477414831214769

3180 Murumi the Fighter (level 9, -7/101 HPs)
             Began as an Ogre Conjurer on Sept 14, 2020.
             Was a Believer of Okawaru.
             Mangled by an orc warrior
             ... wielding a +0 halberd
              (17 damage)
             ... on level 7 of the Dungeon.
             The game lasted 00:41:17 (11203 turns).

Murumi the Fighter (Ogre Conjurer)                 Turns: 11203, Time: 00:41:17

Health: -7/101     AC:  4    Str: 16    XL:     9   Next: 95%
Magic:  1/13       EV: 15    Int: 19    God:    Okawaru [**....]
Gold:   317        SH:  0    Dex: 13    Spells: 11/14 levels left

rFire    + . .     SeeInvis .   r - +1 whip (flame)
rCold    x . .     Faith    .   (no shield)
rNeg     . . .     Spirit   .   a - +1 robe
rPois    .         Reflect  .   (helmet restricted)
rElec    .         Harm     .   (no cloak)
rCorr    .         Rampage  .   (gloves unavailable)
MR       .....                  (boots unavailable)
Stlth    +++.......             (no amulet)
HPRegen  0.26/turn              e - +6 ring of dexterity
MPRegen  0.13/turn              u - ring of fire

@: heroism
A: large, unfitting armour, tough skin 1
a: Heroism, Renounce Religion


You were on level 7 of the Dungeon.
You worshipped Okawaru.
Okawaru was pleased with you.
You visited 1 branch of the dungeon, and saw 7 of its levels.
You also visited: Ossuary.

You collected 317 gold pieces.

Inventory:

Hand Weapons
 r - a +1 whip of flaming (weapon)
Missiles
 f - 95 stones
 y - 7 boomerangs
 D - 8 javelins
 E - 41 poisoned darts (quivered)
Armour
 a - a +1 robe (worn)
Jewellery
 e - a +6 ring of dexterity (left hand)
 k - an uncursed ring of see invisible
 o - an uncursed ring of wizardry
 t - an uncursed ring of wizardry
 u - a ring of fire (right hand)
 w - an uncursed ring of protection from magic
 x - an uncursed ring of flight
 F - an uncursed amulet of the acrobat {unknown}
Wands
 v - a wand of disintegration (10)
 B - a wand of random effects (23)
 C - a wand of enslavement (5)
Scrolls
 h - 4 scrolls of enchant armour
 m - 3 scrolls of remove curse
 p - a scroll of fear
 s - 4 scrolls of teleportation
 z - 2 scrolls of amnesia
Potions
 b - a potion of berserk rage
 c - 4 potions of stabbing
 d - 3 potions of heal wounds
 g - a potion of magic
 i - a potion of might
 j - 3 potions of ambrosia {unknown}
 l - a potion of flight {unknown}
 n - 4 potions of haste
 q - 2 potions of curing
 A - 2 potions of lignification {unknown}


   Skills:
 - Level 10.0(15.0) Fighting
 - Level 5.0(10.0) Maces & Flails
 - Level 6.0(11.0) Throwing
 - Level 5.0(10.0) Dodging
 - Level 2.0(7.0) Stealth
 - Level 3.0 Spellcasting
 - Level 4.0 Conjurations
 + Level 3.6 Invocations
 - Level 2.0 Evocations


You had 11 spell levels left.
You knew the following spells:

 Your Spells              Type           Power        Failure   Level
a - Magic Dart            Conj           ###.         3%          1
b - Searing Ray           Conj           ###...       4%          2

Your spell library contained the following spells:

 Spells                   Type           Power        Failure   Level
 Dazzling Flash           Conj/Hex       ##....       21%         3
 Fulminant Prism          Conj/Hex       ##........   54%         4
 Iskenderun's Mystic Bla  Conj/Tloc      ##......     54%         4


Dungeon Overview and Level Annotations

Branches:
Dungeon (7/15)             Temple (0/1) D:6         Ossuary (visited)

Altars:
Dithmenos
Fedhas
Okawaru
Zin

Annotations:
D:3 2 transporters, anKLM's ghost, amateur HuMo


Innate Abilities, Weirdness & Mutations

You are too large for most types of armour.
You have tough skin. (AC +1)


Message History

You throw a poisoned dart. The poisoned dart hits the orc warrior!
The orc warrior looks even sicker.
The orc warrior is heavily wounded.
The orc warrior hits you from afar with a +0 halberd!!
* * * LOW HITPOINT WARNING * * *
Throwing (i - inventory. (/) - cycle)
E - 43 poisoned darts (quivered)
Press: ? - help, Shift-Dir - straight line, f/p - orc warrior
Aim: an orc warrior, wielding a +0 halberd and wearing a +0 plate armour (heavily wounded, very poisoned)
You throw a poisoned dart.
The poisoned dart barely misses the orc warrior.
Throwing (i - inventory. (/) - cycle)
E - 42 poisoned darts (quivered)
Press: ? - help, Shift-Dir - straight line, f/p - orc warrior
Aim: an orc warrior, wielding a +0 halberd and wearing a +0 plate armour (severely wounded, very poisoned)
You throw a poisoned dart.
The poisoned dart closely misses the orc warrior.
The orc warrior hits you from afar with a +0 halberd!!
* * * LOW HITPOINT WARNING * * *
You gain the combat prowess of a mighty hero.
The orc warrior hits you from afar with a +0 halberd!
You die...

#.# .. #.# #(#
#.# .# #.# #.#
#.# #o# #.#
#@# #.# #.#
#.# #.# #.#
#.# #.#
#.##########♣♣


You could see an orc warrior (poisoned).

Vanquished Creatures
  Pikel (D:5)
  An ugly thing (D:7)
  3 orc warriors (D:6)
  A phantom (D:4)
  An ice beast (D:5)
  A sky beast (D:6)
  A centaur (D:5)
  A lemure (D:5)
  3 bullfrogs
  2 elf zombies (Ossuary)
  A bullfrog zombie (D:7)
  A quasit (D:6)
  7 centaur zombies (Ossuary)
  5 hounds
  3 human zombies (Ossuary)
  8 orc priests
  3 orc wizards
  Natasha (thrice) (D:3)
  3 worker ants
  A hound skeleton (D:6)
  3 mummies (Ossuary)
  A worker ant zombie (D:6)
  8 gnolls
  7 adders
  A howler monkey skeleton (D:4)
  3 shadow imps
  An ooze (D:1)
  An adder zombie (D:5)
  A dart slug (D:3)
  3 worms
  4 leopard geckos
  14 orcs
  5 giant cockroaches
  7 goblins
  5 hobgoblins
  8 jackals
  2 quokkas (D:2)
  A ball python (D:2)
  12 bats
  4 frilled lizards
  A goblin zombie (D:6)
  A jackal zombie (D:5)
  14 kobolds
  2 leopard gecko skeletons
  A quokka zombie (D:6)
  3 rats
163 creatures vanquished.

Vanquished Creatures (others)
  9 plants (D:7)
9 creatures vanquished.

Grand Total: 172 creatures vanquished

Notes
Turn   | Place    | Note
-------+----------+-------------------------------------------
     0 | D:1      | Murumi the Ogre Conjurer began the quest for the Orb.
     0 | D:1      | Reached XP level 1. HP: 16/16 MP: 3/3
   320 | D:1      | Reached XP level 2. HP: 24/24 MP: 5/5
   349 | D:1      | Learned a level 2 spell: Searing Ray
  1220 | D:2      | Reached XP level 3. HP: 31/31 MP: 3/7
  1563 | D:2      | Reached skill level 1 in Fighting
  1754 | D:2      | Reached skill level 2 in Fighting
  2063 | D:2      | Reached XP level 4. HP: 41/42 MP: 5/8
  2076 | D:2      | Reached skill level 1 in Throwing
  2393 | D:3      | Noticed anKLM's ghost (amateur HuMo)
  2471 | D:3      | Found a transporter.
  2677 | D:3      | Found a transporter.
  2702 | D:3      | Reached skill level 1 in Maces & Flails
  2957 | D:3      | Found an iron altar of Okawaru.
  2965 | D:3      | Became a worshipper of Warmaster Okawaru
  3234 | D:3      | Reached skill level 3 in Fighting
  3323 | D:3      | Reached skill level 1 in Invocations
  3323 | D:3      | Reached XP level 5. HP: 53/53 MP: 7/9
  3407 | D:3      | Noticed Natasha
  3418 | D:3      | Killed Natasha
  3550 | D:3      | Noticed Natasha
  3555 | D:3      | Killed Natasha
  3845 | D:3      | Noticed Natasha
  3850 | D:3      | Killed Natasha
  3850 | D:3      | Reached skill level 4 in Fighting
  3911 | D:3      | Found a transporter.
  3914 | D:3      | Found a transporter.
  3941 | D:3      | Found an iron altar of Okawaru.
  4601 | D:4      | Reached XP level 6. HP: 46/62 MP: 1/10
  4778 | D:4      | Reached skill level 1 in Evocations
  4890 | D:4      | Reached skill level 5 in Fighting
  4904 | D:4      | Reached * piety under Okawaru
  5240 | D:4      | Noticed a phantom
  5266 | D:4      | Killed a phantom
  5266 | D:4      | Reached XP level 7. HP: 59/72 MP: 4/11
  5644 | D:5      | Entered Level 5 of the Dungeon
  5793 | D:5      | Reached skill level 6 in Fighting
  6579 | D:5      | Reached XP level 8. HP: 29/83 MP: 7/12
  7050 | D:5      | Noticed Pikel
  7062 | D:5      | Killed Pikel
  7062 | D:5      | Reached skill level 7 in Fighting
  7062 | D:5      | Reached skill level 8 in Fighting
  7455 | D:5      | Found a blossoming altar of Fedhas.
  7719 | D:6      | Found a sand-covered staircase.
  7726 | Ossuary  | Entered an ossuary
  8004 | Ossuary  | Reached ** piety under Okawaru
  8004 | Ossuary  | Reached XP level 9. HP: 74/96 MP: 13/13
  8161 | Ossuary  | Reached skill level 5 in Throwing
  8461 | Ossuary  | Reached skill level 9 in Fighting
  9030 | D:6      | Found a staircase to the Ecumenical Temple.
  9439 | D:6      | Reached skill level 5 in Maces & Flails
 10073 | D:6      | Reached skill level 5 in Dodging
 10521 | D:7      | Found a glowing silver altar of Zin.
 10566 | D:7      | Found a shadowy altar of Dithmenos.
 10662 | D:7      | Noticed a red ugly thing
 10690 | D:7      | HP: 3/147 [red ugly thing (6)]
 10698 | D:7      | Killed a red ugly thing
 10698 | D:7      | Reached skill level 10 in Fighting
 11187 | D:7      | HP: 5/101 [orc warrior/+0 halberd (18)]
 11203 | D:7      | Mangled by an orc warrior

Illustrated notes

Levels and vault maps discovered:
D:1:      lordsloth_arrival_two_stooges, layout_loops_ring
D:2:      layout_basic
D:3:      layout_basic, overflow_temple_1_default, gammafunk_ghost_arena,
          uniq_natasha
D:4:      layout_rooms
D:5:      cheibrodos_helix_gallery, layout_basic, overflow_temple_1_default,
          cheibrodos_gnoll_hut, uniq_pikel
D:6:      layout_gridville, minmay_temple_entry_gardened_gates, enter_ossuary_4
D:7:      layout_loops_cross, nicolae_dithmenos_the_darkroom, enter_bailey_1,
          basic_altar, serial_bayou, serial_bayou_ford_a, serial_bayou_shore_b

Skill      XL: |  1  2  3  4  5  6  7  8  9 |
---------------+----------------------------+-----
Dodging        | 2 3 4 5 |  5.0
Conjurations   | 4 |  4.0
Spellcasting   | 3 |  3.0
Stealth        | 2 |  2.0
Fighting       | 2 3 4 5 6 8 10 | 10.0
Throwing       | 1 2 3 4 6 |  6.0
Maces & Flails | 1 2 3 4 5 |  5.0
Invocations    | 1 2 3 |  3.6
Evocations     | 1 2 |  2.0

Action                   |  1- 3 |  4- 6 |  7- 9 || total
-------------------------+-------+-------+-------++-------
Melee: Mace              |    11 |       |       ||    11
       Whip              |     4 |   101 |   289 ||   394
Throw: Stone             |       |    26 |   131 ||   157
       Boomerang         |       |       |    11 ||    11
       Dart              |       |       |     4 ||     4
 Cast: Magic Dart        |    65 |    66 |     1 ||   132
       Searing Ray       |     2 |    14 |    36 ||    52
Invok: Heroism           |       |       |     5 ||     5
Evoke: Wand              |       |       |     2 ||     2
  Use: Scroll            |     6 |     7 |     6 ||    19
       Potion            |       |       |     2 ||     2
 Stab: Sleeping          |     3 |     5 |     1 ||     9
       Distracted        |       |       |     1 ||     1
Armor: Robe              |     7 |    32 |    62 ||   101
Dodge: Dodged            |    16 |    42 |   153 ||   211

Table legend: (Time is in decaauts)
 A = Elapsed time spent in this place.
 B = Non-inter-level travel time spent in this place.
 C = Inter-level travel time spent in this place.
 D = Time resting spent in this place.
 E = Time spent auto-exploring this place.
 F = Levels seen in this place.
 G = Mean time per level.
                   A        B        C        D        E       F      G
               +--------+--------+--------+--------+--------+-----+--------+
         Total |  11179 |  10570 |    609 |    410 |   8554 |   8 | 1397.4 |
       Dungeon |  10202 |   9593 |    609 |    410 |   7758 |   7 | 1457.4 |
       Ossuary |    977 |    977 |      0 |      0 |    796 |   1 |  977.0 |
               +--------+--------+--------+--------+--------+-----+--------+

Top non-repeatable levels by time:
     D:6: 2251 daAuts
     D:3: 2193 daAuts
     D:5: 1929 daAuts
     D:2: 1487 daAuts
     D:4: 1118 daAuts
 Ossuary: 977 daAuts
     D:1: 906 daAuts
     D:7: 315 daAuts
